AoeStats
← JRB58799

Arabia

507363329Analyzed
1v1 RM · 16d ago on Sep 17, 2026· 51m 24s· 2 players
Game mode
Random Map
Map size
Tiny (2 player)
Population
200
Speed
Normal
Resources
Standard
Victory
Conquest
Starting age
Dark Age
Ending age
Imperial Age
RankedLock teamsTeams togetherTeam positionsShared explorationLock speedFull tech treeHidden civsTurbo modeCheats
Victory
Defeat
🇺🇸 Celts · United States
241
+14
🇬🇧 Franks · United Kingdom
203
-14
NeededOcean3932
7:25 Loom
11:24 Feudal Age
11:51 Double-Bit Axe
17:59 Gold Mining
18:19 Scale Barding Armor
20:02 Forging
23:52 Castle Age
25:01 Chain Barding Armor
25:17 Iron Casting
25:26 Gold Shaft Mining
25:20 Stone Mining
26:11 Bow Saw
26:19 Husbandry
35:38 #83
35:13 Fletching
35:26 Padded Archer Armor
35:27 Scale Mail Armor
38:15 Crossbowman
39:43 Man-at-Arms
40:09 Gambesons
42:04 Bodkin Arrow
42:26 Leather Archer Armor
42:28 Chain Mail Armor
47:28 Imperial Age
45:34 Wheelbarrow
44:45 Town Watch
44:59 Elite Skirmisher
45:08 Pikeman
45:49 Squires
47:17 Light Cavalry
JRB58799
0:31 Loom
14:21 Feudal Age
15:38 Wheelbarrow
14:49 Horse Collar
15:00 Double-Bit Axe
15:32 Town Watch
16:09 Gold Mining
16:08 Man-at-Arms
17:11 Stone Mining
19:36 Scale Mail Armor
19:52 Padded Archer Armor
20:03 Forging
20:00 Scale Barding Armor
22:09 Fletching
28:24 Castle Age
29:59 Hand Cart
29:49 Heavy Plow
30:04 Bow Saw
30:41 Stone Shaft Mining
30:42 Gold Shaft Mining
30:17 Husbandry
30:09 Gambesons
31:54 Elite Skirmisher
33:29 Town Patrol
39:03 Stronghold
38:52 Pikeman
42:37 Imperial Age
41:46 Herbal Medicine
42:01 Heated Shot
46:10 Hoardings
50:22 Furor Celtica
Connection lost

Rejoining the realm…

Still unreachable

The connection could not be restored.

Session expired

The server has moved on; the page needs a fresh start.